 Dungeon Crawl Stone Soup version 0.23.1 (webtiles) character file.

Game seed: 5190019433112613912

37011 Chiseanne the Thaumaturge (level 13, -5/57 HPs)
             Began as a Spriggan Assassin on Mar 7, 2019.
             Was an Initiate of Gozag.
             Slain by a seven-headed hydra (9 damage)
             ... on level 12 of the Dungeon.
             The game lasted 01:14:23 (18063 turns).

Chiseanne the Thaumaturge (Spriggan Assassin)      Turns: 18063, Time: 01:14:24

Health: -5/57      AC:  4    Str:  9    XL:     13   Next: 56%
Magic:  46/48      EV: 25    Int: 15    God:    Gozag
Gold:   1531       SH: 13    Dex: 27    Spells: 19/37 levels left

rFire    + + +     SeeInvis +   a - +3 rapier (elec)
rCold    . . .     Gourm    .   U - +3 buckler {rF+}
rNeg     . . .     Faith    .   S - +2 robe {rF+}
rPois    .         Spirit   .   (helmet restricted)
rElec    +         Reflect  .   C - scarf {repulsion}
rCorr    .         Harm     .   (gloves unavailable)
MR       +++..                  (boots unavailable)
Stlth    ++++++....             W - amulet "Daxa" {RegenMP rElec MP+9 Int+2 Stlth-}
HPRegen  0.19/turn              L - ring of the Princeling {rF+ rC+ MR+ MP+9 Stlth+}
MPRegen  0.56/turn              h - ring "Cuuma" {rC- Str+2 Dex+5 Slay+2}

@: gold aura, repel missiles, very quick
A: very small, unfitting armour, see invisible, herbivore, speed 3, slow
metabolism 2
a: Potion Petition, Call Merchant, Bribe Branch, Renounce Religion


You were on level 12 of the Dungeon.
You worshipped Gozag.
Gozag was most pleased with you.
You were not hungry.

You visited 2 branches of the dungeon, and saw 15 of its levels.
You also visited: Bailey.

You collected 5393 gold pieces.
You spent 3129 gold pieces at shops.
You paid 733 gold pieces to Gozag.

Inventory:

Hand Weapons
 a - a +3 rapier of electrocution (weapon)
 d - a +0 flail of protection
 w - a +0 blowgun
 K - a +2 scimitar of flaming
Missiles
 c - 17 tomahawks (quivered)
 e - 53 poisoned needles
 f - 2 curare-tipped needles
 o - 93 sling bullets
 t - 4 needles of sleeping
 z - 3 throwing nets
 B - 44 tomahawks of returning
 I - 35 bolts
Armour
 j - a +0 robe of the Archmagi
 C - a scarf of repulsion (worn)
 S - a +2 robe of fire resistance (worn)
 U - a +3 buckler of fire resistance (worn)
Jewellery
 h - the ring "Cuuma" (right hand) {rC- Str+2 Dex+5 Slay+2}
   (You bought it in a shop on level 9 of the Dungeon)

   [ring of strength]

   It affects your strength (+2).
   It affects your dexterity (+5).
   It affects your accuracy and damage with ranged weapons and melee attacks
   (+2).
   It makes you vulnerable to cold.
 A - an uncursed ring of fire {unknown}
 L - the ring of the Princeling (left hand) {rF+ rC+ MR+ MP+9 Stlth+}
   (You bought it in a shop on level 9 of the Dungeon)

   [ring of magical power]

   It protects you from fire.
   It protects you from cold.
   It affects your resistance to hostile enchantments.
   It affects your magic capacity (+9).
   It makes you more stealthy.
 W - the amulet "Daxa" (around neck) {RegenMP rElec MP+9 Int+2 Stlth-}
   (You bought it in a shop on level 9 of the Dungeon)

   [amulet of magic regeneration]

   It increases your magic regeneration.
   It affects your intelligence (+2).
   It insulates you from electricity.
   It affects your magic capacity (+9).
   It makes you less stealthy.
Wands
 b - a wand of clouds (6)
 D - a wand of disintegration (10)
 G - a wand of iceblast (3)
 H - a wand of scattershot (5)
 N - a wand of acid (7)
 O - a wand of paralysis (7)
 V - a wand of enslavement (7)
Scrolls
 l - 3 scrolls of magic mapping
 n - 6 scrolls of teleportation
 s - a scroll of holy word
 u - a scroll of identify
 E - 2 scrolls of amnesia
 J - a scroll of fear
 Q - 6 scrolls of remove curse
 R - a scroll of silence
 T - a scroll of fog
 X - 2 scrolls of immolation
Potions
 g - a potion of heal wounds
 i - 5 potions of ambrosia
 k - 2 potions of might
 m - a potion of resistance
 p - 4 potions of curing
 q - a potion of haste
 r - a potion of mutation
 x - a potion of berserk rage
 F - 2 potions of lignification
 M - a potion of magic
Miscellaneous
 P - a box of beasts
Comestibles
 v - 20 rations


   Skills:
 - Level 1.5 Fighting
 - Level 5.5 Short Blades
 - Level 2.0 Throwing
 - Level 6.8 Dodging
 - Level 11.3 Stealth
 - Level 9.4 Shields
 - Level 12.6 Spellcasting
 - Level 11.6 Hexes
 - Level 4.5 Translocations
 + Level 5.7 Air Magic
 + Level 7.1 Poison Magic
 * Level 5.4 Evocations


You had 19 spell levels left.
You knew the following spells:

 Your Spells              Type           Power        Failure   Level  Hunger
a - Confuse               Hex            #####...     1%          3    None
b - Tukima's Dance        Hex            #####...     1%          3    None
c - Dazzling Spray        Conj/Hex       ####..       1%          3    None
d - Blink                 Tloc           N/A          1%          2    None
e - Mephitic Cloud        Conj/Pois/Air  ###.....     3%          3    None
f - Force Lance           Conj/Tloc      ###.....     28%         4    ###....

Your spell library contained the following spells:

 Spells                   Type           Power        Failure   Level  Hunger
 Confusing Touch          Hex            #####.       1%          1    None
 Corona                   Hex            #####..      1%          1    None
 Ensorcelled Hibernation  Hex/Ice        ####..       1%          2    None
 Slow                     Hex            #####...     1%          2    None
 Gell's Gravitas          Tloc           ###.......   3%          3    None
 Fulminant Prism          Conj/Hex       ####......   7%          4    ###....
 Magic Dart               Conj           #...         8%          1    None
 Call Imp                 Summ           #.......     12%         2    None
 Searing Ray              Conj           #.....       12%         2    None
 Metabolic Englaciation   Hex/Ice        ####......   19%         5    #####..
 Yara's Violent Unravell  Hex/Tmut       ####......   19%         5    #####..
 Conjure Flame            Conj/Fire      #.......     22%         3    None
 Iskenderun's Mystic Bla  Conj           #.......     58%         4    ###....
 Petrify                  Tmut/Erth      #.......     58%         4    ###....


Dungeon Overview and Level Annotations

Branches:
Dungeon (15/15)              Lair (0/6) D:11            Orc (2/2) D:11
    Elf (0/3) Orc:2
 Temple: D:4-7       Vaults: D:13-14     Depths: D:15

Altars:
Cheibriados
Dithmenos
Elyvilon
Fedhas
Gozag
Makhleb
Nemelex Xobeh
Ru
Sif Muna
Trog
Vehumet
Wu Jian

Shops:
D:9 =   D:11 [?(   D:15 (   Orc:2 :[:*

Annotations:
D:9 1 runed translucent door, 1994's ghost, novice DsNe
D:10 exclusion: orange crystal statue
D:13 1 runed translucent door, Slacking101's ghost, journeyman DDBe


Innate Abilities, Weirdness & Mutations

You are very small and have problems with some larger weapons.
You are too small for most types of armour.
You have supernaturally acute eyesight. (SInv)
You are a herbivore.
You cover ground extremely quickly.
You need to consume almost no food.


Message History

The seven-headed hydra is severely wounded.
You block the seven-headed hydra's attack.
The seven-headed hydra bites you!
* * * LOW HITPOINT WARNING * * *
The seven-headed hydra completely misses you. x2
The seven-headed hydra misses you.
The seven-headed hydra closely misses you.
The seven-headed hydra bites you.
* * * LOW HITPOINT WARNING * * *
The gargoyle hurls a stone arrow at you.
The stone arrow misses you. The seven-headed hydra bites you.
* * * LOW HITPOINT WARNING * * *
The seven-headed hydra closely misses you.
The seven-headed hydra misses you.
You block the seven-headed hydra's attack.
The seven-headed hydra barely misses you.
The seven-headed hydra closely misses you.
The seven-headed hydra bites you!
You die...
Your body crumbles into a pile of gold.

#.... ###....
###....##
##....###
#...### #..## #
##### #..# #
##D..### #..##
# #..@...##
#...## ##
#.9###..#
##...####. #.##
#..## ##.......
####### #.#
##..####......#
#.....# #$#
#..........###
#..#..## #.#
########...#
#.###..# #.##
##..# #.# #..##
#..#### #..#
#.#
#...####.....##
##.##


You could see a seven-headed hydra (confused) and a gargoyle.

Vanquished Creatures
  A tengu reaver (D:11)
  Azrael (D:14)
  2 ogre magi (Orc:2)
  A hydra (D:14)
  9 two-headed ogres
  Urug (D:12)
  A flayed ghost (D:10)
  An unseen horror (D:12)
  2 deep trolls (Orc:2)
  A wizard (D:13)
  2 orc knights
  A necromancer (D:14)
  2 ugly things
  A manticore (D:14)
  A wolf spider (D:15)
  An orc sorcerer (D:9)
  5 cyclopes
  2 centaur zombies
  Maurice (D:11)
  A gargoyle (D:14)
  A kobold demonologist (D:13)
  A yaktaur (D:8)
  An efreet (D:13)
  A polar bear (shapeshifter) (D:14)
  10 trolls
  6 hippogriffs
  3 dancing weapons
  A meliai zombie (D:14)
  A wyvern (D:9)
  13 yaks
  Grum (D:11)
  A steam dragon (D:10)
  3 basilisks (D:11)
  4 fire elementals (D:14)
  4 vampire mosquitoes (D:12)
  A hungry ghost (D:12)
  A soldier ant (D:12)
  2 wargs
  2 hell hounds (D:14)
  3 porcupines (D:11)
  3 sky beasts
  16 orc warriors
  2 ice beasts
  2 black bears (D:8)
  3 phantoms
  An eye of draining (D:11)
  3 wolves (D:11)
  26 ogres
  4 crocodiles
  14 centaurs
  2 big kobolds
  7 bullfrogs
  A water moccasin skeleton (D:9)
  4 scorpions
  2 wyvern skeletons
  9 killer bees
  3 wights (D:14)
  A howler monkey (D:10)
  5 crimson imps
  7 hounds
  A bullfrog zombie (D:11)
  9 orc priests
  20 orc wizards
  A centaur skeleton (D:9)
  2 bullfrog skeletons
  6 iguanas
  6 worker ants
  A hound skeleton (D:8)
  A worker ant zombie (D:8)
  Robin (D:2)
  A howler monkey zombie (D:7)
  8 adders
  8 gnolls
  A howler monkey skeleton (D:10)
  3 shadow imps
  5 worms
  A dart slug (D:2)
  2 leopard geckos
  56 orcs
  3 giant cockroaches
  17 goblins
  13 hobgoblins
  9 jackals
  3 quokkas
  4 ball pythons
  7 bats
  5 frilled lizards
  23 kobolds
  A quokka zombie (D:9)
  9 rats
  A fungus (D:11)
440 creatures vanquished.

Vanquished Creatures (collateral kills)
  2 two-headed ogres (Orc:2)
  An orc sorcerer (Orc:1)
  A troll (Orc:2)
  2 orc warriors
  2 ogres (Orc:1)
  A gnoll sergeant (Orc:1)
  2 wights (D:14)
  A jelly (D:10)
  An orc priest (Orc:2)
  An orc wizard (D:12)
  A gnoll (D:12)
  15 orcs
  4 goblins
  A hobgoblin (Bailey)
  A kobold (D:10)
36 creatures vanquished.

Vanquished Creatures (others)
  21 dancing weapons
  A kobold (D:10)
  2 fungi (D:11)
24 creatures vanquished.

Grand Total: 500 creatures vanquished

Notes
Turn   | Place    | Note
-------+----------+-------------------------------------------
     0 | D:1      | Chiseanne the Spriggan Assassin began the quest for the
                  | Orb.
     0 | D:1      | Reached XP level 1. HP: 10/10 MP: 2/2
   247 | D:1      | Reached XP level 2. HP: 14/14 MP: 3/3
   558 | D:1      | Reached XP level 3. HP: 15/18 MP: 4/4
  1030 | D:2      | Noticed Robin
  1181 | D:2      | Reached XP level 4. HP: 17/22 MP: 5/5
  1490 | D:2      | Killed Robin
  1685 | D:2      | Found a white marble altar of Elyvilon.
  1784 | D:2      | Found a sacrificial altar of Ru.
  2179 | D:2      | Found a sparkling altar of Nemelex Xobeh.
  2454 | D:3      | Reached XP level 5. HP: 25/25 MP: 6/6
  2480 | D:3      | Found an opulent altar of Gozag.
  2492 | D:3      | Became a worshipper of Gozag Ym Sagoz the Greedy
  2706 | D:3      | Found a deep blue altar of Sif Muna.
  2718 | D:3      | Found a sacrificial altar of Ru.
  2798 | D:3      | Found an ornate altar of the Wu Jian Council.
  3027 | D:3      | Found a burning altar of Makhleb.
  3028 | D:3      | Found a radiant altar of Vehumet.
  3548 | D:4      | You fall through a shaft for 3 floors!
  3591 | D:7      | Noticed a sky beast
  3621 | D:7      | Killed a sky beast
  3621 | D:7      | Reached XP level 6. HP: 24/30 MP: 7/7
  3752 | D:7      | Noticed an orc warrior
  3772 | D:7      | Reached skill level 5 in Dodging
  3779 | D:7      | Killed an orc warrior
  3779 | D:7      | Reached skill level 10 in Stealth
  4028 | D:7      | Reached XP level 7. HP: 18/33 MP: 8/8
  4325 | D:7      | Found a burning altar of Makhleb.
  4779 | D:8      | Reached skill level 5 in Short Blades
  4807 | D:8      | Learned a level 3 spell: Confuse
  4949 | D:8      | Noticed a cyclops
  4950 | D:8      | Noticed a yaktaur
  4951 | D:8      | Noticed a troll
  4975 | D:8      | Reached skill level 2 in Spellcasting
  4982 | D:8      | Killed a troll
  4982 | D:8      | Reached skill level 3 in Spellcasting
  4982 | D:8      | Reached XP level 8. HP: 37/37 MP: 3/14
  5103 | D:8      | Reached skill level 4 in Spellcasting
  5237 | D:8      | Killed a yaktaur
  5237 | D:8      | Reached skill level 5 in Spellcasting
  5237 | D:8      | Reached skill level 5 in Hexes
  5465 | D:8      | Reached skill level 6 in Spellcasting
  5726 | D:8      | Noticed a moth of wrath
  5728 | D:8      | Found a bloodstained altar of Trog.
  5838 | D:8      | Reached skill level 7 in Spellcasting
  5903 | D:8      | Reached XP level 9. HP: 40/41 MP: 20/20
  6353 | D:8      | Killed a cyclops
  6353 | D:8      | Reached skill level 9 in Spellcasting
  6357 | D:8      | Found a blossoming altar of Fedhas.
  6501 | D:9      | Found a snail-covered altar of Cheibriados.
  6575 | D:9      | Reached skill level 10 in Spellcasting
  6788 | D:9      | Noticed a troll
  6797 | D:9      | Killed a troll
  6797 | D:9      | Reached skill level 11 in Spellcasting
  6828 | D:9      | Noticed an orc sorcerer
  6830 | D:9      | Killed an orc sorcerer
  6889 | D:9      | Found a runed translucent door.
  6906 | D:9      | Noticed 1994's ghost (novice DsNe)
  6914 | D:9      | Noticed a skeletal warrior
  7061 | D:9      | Noticed a two-headed ogre
  7071 | D:9      | Killed a two-headed ogre
  7071 | D:9      | Reached skill level 12 in Spellcasting
  7071 | D:9      | Reached XP level 10. HP: 46/46 MP: 20/27
  7077 | D:9      | Bought the ring "Cuuma" {rC- Str+2 Dex+5 Slay+2} for 343
                  | gold pieces
  7609 | D:9      | Found a shadowy altar of Dithmenos.
  7633 | D:10     | Entered Level 10 of the Dungeon
  7638 | D:10     | Noticed an orange crystal statue
  7706 | D:10     | Learned a level 3 spell: Tukima's Dance
  7710 | D:10     | Learned a level 3 spell: Dazzling Spray
  7713 | D:10     | Learned a level 2 spell: Blink
  7717 | D:10     | Learned a level 3 spell: Mephitic Cloud
  7767 | D:10     | Reached skill level 1 in Translocations
  7809 | D:10     | Reached skill level 1 in Air Magic
  8714 | D:11     | Found Areosaf's Magic Scroll Boutique.
  8727 | D:11     | Bought a scroll of identify for 32 gold pieces
  8727 | D:11     | Bought a scroll of identify for 32 gold pieces
  8754 | D:11     | Found Ocousch's Antique Armour Shoppe.
  8927 | D:11     | Found a staircase to the Orcish Mines.
  9394 | D:11     | Found a staircase to the Lair.
  9447 | D:11     | Reached XP level 11. HP: 49/49 MP: 25/28
  9470 | D:11     | Reached skill level 10 in Hexes
  9486 | D:11     | Noticed Maurice
  9499 | D:11     | Killed Maurice
  9520 | D:11     | Noticed a flayed ghost
  9971 | D:11     | Found Buokorop's Antique Weapon Shop.
 10160 | D:11     | Noticed a frost giant
 10348 | D:9      | Bought the ring of the Princeling {rF+ rC+ MR+ MP+9 Stlth+}
                  | for 642 gold pieces
 10427 | D:11     | Bought 3 scrolls of identify for 96 gold pieces
 10431 | D:11     | Noticed a tengu reaver
 10451 | D:11     | Killed a tengu reaver
 10879 | D:11     | Bought 3 scrolls of identify for 96 gold pieces
 10882 | D:11     | Noticed Grum
 10888 | D:11     | Killed Grum
 10999 | D:12     | Reached skill level 1 in Shields
 11023 | D:12     | Found a flagged portal.
 11046 | Bailey   | Entered a bailey
 11370 | Bailey   | Noticed an orc knight
 11386 | Bailey   | Killed an orc knight
 12037 | D:12     | You fall through a shaft for 3 floors!
 12037 | D:15     | Entered Level 15 of the Dungeon
 12038 | D:15     | Noticed a wolf spider
 12040 | D:15     | Killed a wolf spider
 12064 | D:15     | Noticed a white ugly thing
 12068 | D:15     | Found Naimaf's Weapon Shop.
 12070 | D:15     | Noticed a white ugly thing
 12073 | D:15     | Noticed a white ugly thing
 12074 | D:15     | Killed a white ugly thing
 12340 | D:14     | Noticed a shadow wraith
 12340 | D:14     | Noticed a seven-headed hydra
 12341 | D:14     | Noticed a necromancer
 12342 | D:14     | Killed a seven-headed hydra
 12342 | D:14     | Reached skill level 5 in Shields
 12356 | D:14     | Noticed Azrael
 12504 | D:14     | Killed a necromancer
 12561 | D:14     | Reached XP level 12. HP: 44/53 MP: 29/29
 12583 | D:14     | Killed Azrael
 13273 | D:13     | Found a runed translucent door.
 13273 | D:13     | Noticed Slacking101's ghost (journeyman DDBe)
 13298 | D:13     | Noticed a centaur warrior
 13309 | D:13     | Noticed a centaur warrior
 13311 | D:13     | Noticed a tengu warrior
 13326 | D:13     | HP: 1/53 [unseen horror (11)]
 13412 | D:13     | Noticed a seven-headed hydra
 13437 | D:13     | HP: 2/53 [wizard/crystal spear (32)]
 13463 | D:13     | Noticed a two-headed ogre
 14281 | D:9      | Bought the amulet "Daxa" {RegenMP rElec MP+9 Int+2 Stlth-}
                  | for 854 gold pieces
 14376 | Orc:1    | Entered Level 1 of the Orcish Mines
 14756 | Orc:2    | Entered Level 2 of the Orcish Mines
 14932 | Orc:1    | Reached skill level 1 in Poison Magic
 15181 | Orc:2    | Noticed a two-headed ogre
 15189 | Orc:2    | Killed a two-headed ogre
 15235 | Orc:2    | Found Piwubafri's Book Boutique.
 15236 | Orc:2    | Found Sikhlu's Book Shop.
 15237 | Orc:2    | Noticed a two-headed ogre
 15241 | Orc:2    | Noticed a two-headed ogre
 15241 | Orc:2    | Noticed an ogre mage
 15241 | Orc:2    | Noticed a two-headed ogre
 15243 | Orc:2    | Noticed a two-headed ogre
 15246 | Orc:2    | Noticed a two-headed ogre
 15249 | Orc:2    | Noticed a two-headed ogre
 15249 | Orc:2    | Noticed a two-headed ogre
 15287 | Orc:2    | Killed a two-headed ogre
 15299 | Orc:2    | Killed a two-headed ogre
 15302 | Orc:2    | Killed an ogre mage
 15302 | Orc:2    | Reached XP level 13. HP: 29/57 MP: 14/30
 15882 | D:11     | Bought a distressingly furry robe for 193 gold pieces
 15883 | D:11     | Identified the +1 robe of the Townfolk {MR+} (You bought it
                  | in a shop on level 11 of the Dungeon)
 15926 | D:11     | Bought a glowing rapier for 224 gold pieces
 15935 | D:11     | Learned a level 4 spell: Force Lance
 15974 | Orc:2    | Reached skill level 5 in Poison Magic
 16217 | Orc:2    | Reached skill level 5 in Air Magic
 16235 | Orc:2    | Reached skill level 1 in Evocations
 16323 | Orc:2    | Found Yvaud's Assorted Antiques.
 16373 | Orc:2    | Found a staircase to the Elven Halls.
 16373 | Orc:2    | Found Immas's Armour Boutique.
 16376 | Orc:2    | Bought a scroll of teleportation for 66 gold pieces
 16376 | Orc:2    | Bought 2 potions of curing for 132 gold pieces
 16376 | Orc:2    | Bought a scroll of enchant weapon for 165 gold pieces
 16376 | Orc:2    | Bought a scroll labeled KUYHOL GIOCLEQOIHI for 22 gold
                  | pieces
 17255 | D:11     | Bought a scroll of magic mapping for 56 gold pieces
 17255 | D:11     | Bought a scroll of magic mapping for 56 gold pieces
 17255 | D:11     | Bought a scroll of holy word for 120 gold pieces
 17471 | D:12     | Noticed Urug
 17498 | D:12     | Killed Urug
 17846 | D:12     | Reached skill level 5 in Evocations
 18063 | D:12     | Slain by a seven-headed hydra

Skill      XL: |  1  2  3  4  5  6  7  8  9 10 11 12 13 |
---------------+----------------------------------------+-----
Stealth        | 6 7 8 9 10 11 | 11.3
Dodging        | 2 3 4 5 6 |  6.8
Short Blades   | 3 4 5 |  5.5
Spellcasting   | 3 7 12 | 12.6
Hexes          | 3 6 9 11 | 11.6
Translocations | 3 4 |  4.5
Air Magic      | 2 3 5 |  5.7
Shields        | 6 9 |  9.4
Poison Magic   | 4 7 |  7.1
Evocations     | 5 |  5.4
Fighting       | |  1.5
Throwing       | |  2.0

Action                   |  1- 3 |  4- 6 |  7- 9 | 10-12 | 13-15 || total
-------------------------+-------+-------+-------+-------+-------++-------
Melee: Dagger            |   136 |   127 |   254 |   771 |    22 ||  1310
       Flail             |       |     4 |    30 |       |       ||    34
       Rapier            |       |       |       |       |   151 ||   151
 Fire: Blowgun           |    10 |    10 |       |       |       ||    20
 Cast: Confuse           |       |       |    12 |   185 |    41 ||   238
       Tukima's Dance    |       |       |       |    95 |    45 ||   140
       Mephitic Cloud    |       |       |       |    15 |     9 ||    24
       Blink             |       |       |       |     2 |     3 ||     5
Invok: Call Merchant     |       |       |     1 |       |       ||     1
Evoke: Wand              |       |       |       |    17 |       ||    17
  Use: Scroll            |     2 |    10 |     8 |    21 |     4 ||    45
       Potion            |       |       |     3 |     7 |       ||    10
 Stab: Sleeping          |     6 |    19 |    16 |    44 |     3 ||    88
       Distracted        |     1 |     2 |     2 |    11 |     2 ||    18
       Confused          |       |       |     8 |   100 |    25 ||   133
       Invisible         |       |       |     4 |       |       ||     4
       Paralysed         |       |       |       |     2 |       ||     2
  Eat: Ration            |       |     3 |     3 |     4 |       ||    10
Armor: Robe              |    18 |     5 |    20 |    28 |     6 ||    77
Dodge: Dodged            |   107 |    72 |   239 |   392 |   137 ||   947
       Deflected         |       |       |       |     5 |     2 ||     7
Block: Buckler           |       |       |       |   223 |   117 ||   340
